 Dungeon Crawl Stone Soup version 0.31-a0-229-g1fc7ce9 (webtiles) character file.

Game seed: 3003024771654393048

6 Dawnplanks the Gusty (level 1, -1/10 HPs)
             Began as a Tengu Air Elementalist on July 6, 2023.
             Slain by a gnoll
             ... wielding a +0 spear
              (6 damage)
             ... on level 1 of the Dungeon.
             The game lasted 00:00:11 (230 turns).

Dawnplanks the Gusty (Tengu Air Elementalist)        Turns: 230, Time: 00:00:11

Health: -1/10      AC:  2    Str:  8    XL:     1   Next: 90%
Magic:  0/4        EV:  9    Int: 15    God:
Gold:   24         SH:  0    Dex: 14    Spells: 3/4 levels left

rFire   . . .        (no weapon)
rCold   . . .        (no shield)
rNeg    . . .        a - +0 robe
rPois   .            (helmet restricted)
rElec   .            (no cloak)
rCorr   .            (no gloves)
SInv    .            (boots unavailable)
Will    .....        (no amulet)
Stlth   ++           (no ring)
HPRegen 0.21/turn    (no ring)
MPRegen 0.09/turn

%: no passive effects
@: constricted
A: beak, talons 3
a: no special abilities


You were on level 1 of the Dungeon.
You visited 1 branch of the dungeon, and saw 1 of its levels.

You collected 24 gold pieces.

Inventory:

Armour
 a - a +0 robe (worn)
Potions
 b - a potion of magic


   Skills:
 + Level 2.2 Dodging
 + Level 2.1 Stealth
 + Level 2.1 Spellcasting
 + Level 1.5 Conjurations
 + Level 4.1 Air Magic


You had 3 spell levels left.
You knew the following spells:

 Your Spells              Type           Power      Damage    Failure   Level
a - Shock                 Conj/Air       40%        1d5       7%          1

Your spell library contained the following spells:

 Spells                   Type           Power      Damage    Failure   Level
 Static Discharge         Conj/Air       20%        2-3/arc   11%         2
 Swiftness                Air            14%        N/A       12%         3
 Airstrike                Air            7%         2d(1-17)  36%         4


Dungeon Overview and Level Annotations

Branches:
Dungeon (1/15)

Altars:


Innate Abilities, Weirdness & Mutations

You have a beak for a mouth.
You have claws for feet.


Message History

You kill the rat!
You can't see any susceptible monsters within range! (Use Z to cast anyway.)
You can't see any susceptible monsters within range! (Use Z to cast anyway.)
You now have 24 gold pieces (gained 10).
You see here a rat corpse.
You open the door.
There is an open door here.
A gnoll comes into view. It is wielding a +0 spear.
The gnoll shouts!
A rat comes into view.
There are monsters nearby!
The zap hits the rat.
You kill the rat!
The zap misses the gnoll.
A ball python comes into view.
The zap hits the gnoll.
The gnoll is moderately wounded.
The zap hits the ball python.
The ball python is moderately wounded.
The zap hits the gnoll.
The gnoll is heavily wounded.
You are out of magic!
You are out of magic!
You are out of magic!
The gnoll barely misses you.
You hit the gnoll but do no damage. You peck the gnoll, but do no damage.
The gnoll is heavily wounded.
The gnoll misses you.
The ball python bites you but does no damage.
The ball python barely misses you.
You hit the gnoll.
The gnoll is severely wounded.
The ball python closely misses you. The ball python grabs you.
The ball python constricts you. The gnoll hits you with a +0 spear.
You hit the ball python.
The ball python is severely wounded.
The ball python bites you. The ball python constricts you.
The gnoll hits you with a +0 spear.
Ouch! That really hurt!
You die...

#. .##### #..## .. ..#
##.... # .# #.###^..##
..# .###.##.....##
###...#
...#.#.......####.......
.#.#..........#.@g..!...
.............†'..S......
.#.#.......(..#.##.....#
.....#.......##.# .....#
##.####.....###.. ....#
#.# ##...## #### #####
... ##+## ##.## ###


You could see a gnoll and a ball python.

Vanquished Creatures
  A ball python (D:1)
  An endoplasm (D:1)
  A hobgoblin (D:1)
  3 rats (D:1)
6 creatures vanquished.

Notes
Turn   | Place    | Note
-------+----------+-------------------------------------------
     0 | D:1      | Dawnplanks the Tengu Air Elementalist began the quest for
                  | the Orb.
     0 | D:1      | Reached XP level 1. HP: 10/10 MP: 4/4
   230 | D:1      | Slain by a gnoll

Illustrated notes

Levels and vault maps discovered:
D:1:      ncdulo_halloftheorcs, layout_loops_corners, serial_shops, shop, shop,
          shop, shop, nicolae_shop_pleasant_corner_grove

Action                     || total
---------------------------++-------
  Melee: Unarmed           ||     3
         Peck              ||     1
   Cast: Shock             ||    13
 Armour: Robe              ||     2
  Dodge: Dodged            ||     4

Table legend: (Time is in decaauts)
 A = Elapsed time spent in this place.
 B = Non-inter-level travel time spent in this place.
 C = Inter-level travel time spent in this place.
 D = Time resting spent in this place.
 E = Time spent auto-exploring this place.
 F = Levels seen in this place.
 G = Mean time per level.
                   A        B        C        D        E       F      G
               +--------+--------+--------+--------+--------+-----+--------+
         Total |    230 |    230 |      0 |      0 |    205 |   1 |  230.0 |
       Dungeon |    230 |    230 |      0 |      0 |    205 |   1 |  230.0 |
               +--------+--------+--------+--------+--------+-----+--------+

Top non-repeatable levels by time:
     D:1: 230 daAuts
